 Dungeon Crawl Stone Soup version 0.31-a0-232-gb1c03b2570 (webtiles) character file.

Game seed: 12674843395219099075

116 Edyrem the Shooter (level 5, 0/32 HPs)
             Began as a Tengu Hunter on July 7, 2023.
             Slain by a gnoll
             ... wielding a +0 spear
              (7 damage)
             ... on level 3 of the Dungeon.
             The game lasted 00:03:12 (1500 turns).

Edyrem the Shooter (Tengu Hunter)                   Turns: 1500, Time: 00:03:13

Health: 0/32       AC:  3    Str: 11    XL:     5   Next: 0%
Magic:  6/6        EV: 15    Int:  9    God:
Gold:   78         SH:  0    Dex: 20    Spells: 4/4 levels left

rFire   . . .        a - +0 shortbow
rCold   . . .        (shield currently unavailable)
rNeg    . . .        c - +0 leather armour
rPois   .            (helmet restricted)
rElec   .            (no cloak)
rCorr   +            (no gloves)
SInv    .            (boots unavailable)
Will    .....        i - amulet of the acrobat
Stlth   ++           h - ring of resist corrosion
HPRegen 0.25/turn    (no ring)
MPRegen 0.10/turn

%: acrobat
@: flying quickly and evasively, quick
A: beak, talons 3, nimble flight
a: no special abilities


You were on level 3 of the Dungeon.
You visited 1 branch of the dungeon, and saw 3 of its levels.

You collected 78 gold pieces.

Inventory:

Hand Weapons
 a - a +0 shortbow (weapon)
Missiles
 f - 6 curare-tipped darts
Armour
 c - a +0 leather armour (worn)
Jewellery
 h - a ring of resist corrosion (left hand)
 i - an amulet of the acrobat (around neck)
Scrolls
 b - a scroll of butterflies
Potions
 d - 2 potions of lignification {unknown}
 e - a potion of degeneration {unknown}
 g - a potion of curing {unknown}
 j - a potion of heal wounds {unknown}
 k - a potion of attraction {unknown}
 l - a potion of cancellation {unknown}


   Skills:
 * Level 3.4 Fighting
 * Level 5.4 Ranged Weapons
 + Level 3.1 Dodging
 - Level 1.0 Stealth


You had 4 spell levels left.
You didn't know any spells.
Your spell library was empty.

Dungeon Overview and Level Annotations

Branches:
Dungeon (3/15)

Altars:


Innate Abilities, Weirdness & Mutations

You have a beak for a mouth.
You have claws for feet.
Your magical nature lets you fly swiftly and evasively.


Message History

Your Dodging skill increases to level 3!
You shoot an arrow. The arrow barely misses the gnoll.
The gnoll hits you but does no damage.
You shoot an arrow. The arrow hits the gnoll.
The gnoll is heavily wounded.
The gnoll misses you.
You shoot an arrow. The arrow hits the gnoll.
The gnoll is severely wounded.
The gnoll misses you.
You shoot an arrow.
The arrow hits the gnoll but does no damage.
The gnoll is severely wounded.
The gnoll hits you from afar with a +0 spear.
You shoot an arrow. The arrow hits the gnoll.
You kill the gnoll!
The gnoll misses you. The gnoll barely misses you.
The gnoll hits you but does no damage.
You shoot an arrow. The arrow hits the gnoll!
The gnoll is severely wounded.
The gnoll hits you from afar with a +0 spear.
The gnoll hits you from afar with a +0 spear!
You are too injured to fight recklessly!
You are too injured to fight recklessly!
You are too injured to fight recklessly!
Fire: a) +0 shortbow
Press: ? - help, Q - select action, (/) - cycle Shift-Dir - straight line, f/p - gnoll
Aim: a gnoll, wielding a +0 spear (severely wounded, 69% to hit)
You shoot an arrow. The arrow hits the gnoll!
You kill the gnoll!
The gnoll hits you from afar with a +0 spear!
You have reached level 5!
Your magical nature develops, letting you fly swiftly and evasively.
Fire: a) +0 shortbow
Press: ? - help, Q - select action, (/) - cycle Shift-Dir - straight line, f - gnoll
Aim: a gnoll, wielding a +0 spear and quivering 2 throwing nets (69% to hit)
You shoot an arrow. The arrow barely misses the gnoll.
The gnoll hits you from afar with a +0 spear.
* * * LOW HITPOINT WARNING * * *
The gnoll hits you from afar with a +0 spear!
You die...

.... ....
....# .....
....
#####).####
#....g...$.
#@.......
#####.... >


You could see a gnoll.

Vanquished Creatures
  Terence (D:2)
  3 gnolls (D:3)
  An adder (D:2)
  3 worms (D:2)
  3 dart slugs
  A ball python (D:1)
  A bat (D:1)
  5 endoplasms
  2 giant cockroaches
  4 goblins
  6 hobgoblins
  A quokka (D:1)
  3 frilled lizards (D:2)
  A kobold (D:1)
  2 rats (D:1)
37 creatures vanquished.

Notes
Turn   | Place    | Note
-------+----------+-------------------------------------------
     0 | D:1      | Edyrem the Tengu Hunter began the quest for the Orb.
     0 | D:1      | Reached XP level 1. HP: 12/12 MP: 2/2
   165 | D:1      | Reached XP level 2. HP: 17/17 MP: 3/3
   790 | D:2      | Reached XP level 3. HP: 22/22 MP: 4/4
   903 | D:2      | Reached skill level 5 in Ranged Weapons
   944 | D:2      | Noticed Terence
   951 | D:2      | Killed Terence
   952 | D:2      | Reached XP level 4. HP: 21/28 MP: 5/5
  1499 | D:3      | Gained mutation: Your magical nature lets you fly swiftly
                  | and evasively. [Tengu growth]
  1499 | D:3      | Reached XP level 5. HP: 12/32 MP: 6/6
  1500 | D:3      | Slain by a gnoll

Illustrated notes

Levels and vault maps discovered:
D:1:      dpeg_arrival_arbitrary_c, layout_basic, hangedman_feature_mirror
D:2:      layout_loops_ring, uniq_terence
D:3:      cheibrodos_helix_gallery, layout_basic, lightli_temple_of_fire,
          overflow_temple_1_default, minmay_misc_feat_secret_circle,
          kennysheep_generic_room_16

Skill      XL: |  1  2  3  4 |
---------------+-------------+-----
Ranged Weapons | 5 |  5.4
Fighting       | 3 |  3.4
Dodging        | 3 |  3.1
Stealth        | |  1.0

Action                     |  1- 3 |  4- 6 || total
---------------------------+-------+-------++-------
   Fire: Shortbow          |    85 |    38 ||   123
    Use: Scroll            |     1 |     3 ||     4
 Armour: Leather armour    |     2 |     3 ||     5
  Dodge: Dodged            |     9 |     9 ||    18

Table legend: (Time is in decaauts)
 A = Elapsed time spent in this place.
 B = Non-inter-level travel time spent in this place.
 C = Inter-level travel time spent in this place.
 D = Time resting spent in this place.
 E = Time spent auto-exploring this place.
 F = Levels seen in this place.
 G = Mean time per level.
                   A        B        C        D        E       F      G
               +--------+--------+--------+--------+--------+-----+--------+
         Total |   1524 |   1463 |     61 |      0 |   1227 |   3 |  508.0 |
       Dungeon |   1524 |   1463 |     61 |      0 |   1227 |   3 |  508.0 |
               +--------+--------+--------+--------+--------+-----+--------+

Top non-repeatable levels by time:
     D:2: 839 daAuts
     D:1: 666 daAuts
     D:3: 17 daAuts
